PBL
ROSWELL INVADERS @ KELOWNA HEAT
05/17/2045
 
TOP OF THE 1ST
Roswell Invaders batting - Pitching for Kelowna Heat : RHP Wally Dethridge
Pitching: RHP Wally Dethridge
Batting: RHB Orlando Florez 0-0: Swinging Strike
0-1: Swinging Strike
0-2: Ball
1-2: Foul Ball, location: 2F
1-2: Ball
2-2: Strikes out swinging
Batting: RHB D.J. Cooke 0-0: Fly out, F4 (Line Drive, 4, EV 71.2 MPH)
Batting: LHB Dallas Kelly 0-0: Called Strike
0-1: Ground out U3 (Groundball, 3, EV 80.6 MPH)
Top of the 1st over - 0 runs, 0 hits, 0 errors, 0 left on base; Roswell 0 - Kelowna 0
BOTTOM OF THE 1ST
Kelowna Heat batting - Pitching for Roswell Invaders : RHP Edwin Martinez
Pitching: RHP Edwin Martinez
Batting: RHB Ryan Bentz 0-0: Called Strike
0-1: Swinging Strike
0-2: Ball
1-2: Strikes out looking
Batting: RHB Frank Pena 0-0: Ball
1-0: SINGLE (Groundball, 4MS, EV 71.2 MPH) (infield hit)
Batting: RHB Brian Rogers 0-0: Ball
Frank Pena steals 2nd base
1-0: Called Strike
1-1: Ball
2-1: Foul Ball, location: 2F
2-2: Ball
3-2: Foul Ball, location: 2F
3-2: Base on Balls
Batting: RHB Coen Dirks 0-0: Foul Ball, location: 2F
0-1: Ball
1-1: Ball
2-1: Ball
3-1: Fielders Choice at 2nd, 5-4 (Groundball, 56, EV 80.6 MPH)
Frank Pena to third
Batting: RHB Troy Trice 0-0: Called Strike
0-1: Ball
1-1: SINGLE (Flyball, 7S, EV 90.6 MPH)
Frank Pena scores
Coen Dirks to second
Batting: RHB Billy Pranger 0-0: Ball
1-0: Called Strike
1-1: Swinging Strike
1-2: Fly out, F9 (Flyball, 9LS, EV 93.8 MPH)
Bottom of the 1st over - 1 run, 2 hits, 0 errors, 2 left on base; Roswell 0 - Kelowna 1
TOP OF THE 2ND
Roswell Invaders batting - Pitching for Kelowna Heat : RHP Wally Dethridge
Batting: LHB Josh Thomas 0-0: Ball
1-0: Ground out U3 (Groundball, 34S, EV 61.9 MPH)
Batting: LHB Falco van Koeveringe 0-0: Called Strike
0-1: Ball
1-1: Swinging Strike
1-2: Ground out 4-3 (Groundball, 4, EV 97.5 MPH)
Batting: RHB Jim Sanders 0-0: Called Strike
0-1: Foul Ball, location: 2F
0-2: Ball
1-2: Foul Ball, location: 2F
1-2: Ball
2-2: Strikes out swinging
Top of the 2nd over - 0 runs, 0 hits, 0 errors, 0 left on base; Roswell 0 - Kelowna 1
BOTTOM OF THE 2ND
Kelowna Heat batting - Pitching for Roswell Invaders : RHP Edwin Martinez
Batting: LHB Mason Duffy 0-0: Called Strike
0-1: Ground out 4-3 (Groundball, 4, EV 85.0 MPH)
Batting: RHB Malik Sharpless 0-0: Ball
1-0: Ground out 3-1 (Groundball, 34, EV 85.0 MPH)
Batting: RHB Josh Truell 0-0: Foul Ball, location: 2F
0-1: Ball
1-1: Foul Ball, location: 2F
1-2: Strikes out swinging
Bottom of the 2nd over - 0 runs, 0 hits, 0 errors, 0 left on base; Roswell 0 - Kelowna 1
TOP OF THE 3RD
Roswell Invaders batting - Pitching for Kelowna Heat : RHP Wally Dethridge
Batting: RHB Adam Silbert 0-0: Swinging Strike
0-1: Ground out 6-3 (Groundball, 6, EV 90.0 MPH)
Batting: RHB Hector Tabares 0-0: Ball
1-0: Swinging Strike
1-1: Ball
2-1: Called Strike
2-2: SOLO HOME RUN (Flyball, 7LD, EV 95.0 MPH), Distance : 355 ft
Batting: RHB Moises Baez 0-0: Called Strike
0-1: Ground out 6-3 (Groundball, 6M, EV 106.2 MPH)
Batting: RHB Orlando Florez 0-0: Swinging Strike
0-1: Ball
1-1: Swinging Strike
1-2: Ball
2-2: Foul Ball, location: 2F
2-2: Ground out 6-3 (Groundball, 6, EV 80.6 MPH)
Top of the 3rd over - 1 run, 1 hit, 0 errors, 0 left on base; Roswell 1 - Kelowna 1
BOTTOM OF THE 3RD
Kelowna Heat batting - Pitching for Roswell Invaders : RHP Edwin Martinez
Batting: RHB Ryan Bentz 0-0: Ball
1-0: Swinging Strike
1-1: Ball
2-1: Swinging Strike
2-2: Strikes out looking
Batting: RHB Frank Pena 0-0: Ball
1-0: Ball
2-0: Called Strike
2-1: Swinging Strike
2-2: Hit by Pitch
Batting: RHB Brian Rogers 0-0: Ball
1-0: Foul Ball, location: 2F
1-1: Ball
2-1: Fly out, F8 (Flyball, 8RS, EV 76.9 MPH)
Batting: RHB Coen Dirks 0-0: Called Strike
0-1: Ball
1-1: Fly out, F9 (Line Drive, 9D, EV 90.6 MPH)
Bottom of the 3rd over - 0 runs, 0 hits, 0 errors, 1 left on base; Roswell 1 - Kelowna 1
TOP OF THE 4TH
Roswell Invaders batting - Pitching for Kelowna Heat : RHP Wally Dethridge
Batting: RHB D.J. Cooke 0-0: Ball
1-0: Called Strike
1-1: Called Strike
1-2: Ball
2-2: Ball
3-2: Foul Ball, location: 2F
3-2: Foul Ball, location: 2F
3-2: Foul Ball, location: 2F
3-2: Ground out 3-1 (Groundball, 34S, EV 85.0 MPH)
Batting: LHB Dallas Kelly 0-0: Ball
1-0: Fly out, F6 (Flyball, 56D, EV 87.5 MPH)
Batting: LHB Josh Thomas 0-0: Ball
1-0: Called Strike
1-1: Called Strike
1-2: Foul Ball, location: 2F
1-2: Strikes out swinging
Top of the 4th over - 0 runs, 0 hits, 0 errors, 0 left on base; Roswell 1 - Kelowna 1
BOTTOM OF THE 4TH
Kelowna Heat batting - Pitching for Roswell Invaders : RHP Edwin Martinez
Batting: RHB Troy Trice 0-0: Ground out 6-3 (Groundball, 6, EV 95.6 MPH)
Batting: RHB Billy Pranger 0-0: Ball
1-0: Called Strike
1-1: Ball
2-1: SOLO HOME RUN (Flyball, 7LD, EV 100.0 MPH), Distance : 384 ft
Batting: LHB Mason Duffy 0-0: Ball
1-0: Reached on error, E7 (Flyball, 78D, EV 82.5 MPH)
Batting: RHB Malik Sharpless 0-0: Ball
1-0: Foul Ball, location: 2F
1-1: Ball
2-1: Swinging Strike
2-2: Strikes out swinging
Batting: RHB Josh Truell 0-0: Ball
1-0: Ball
2-0: Fly out, F2 (Popup, 23F, EV 79.4 MPH)
Bottom of the 4th over - 1 run, 1 hit, 1 error, 1 left on base; Roswell 1 - Kelowna 2
TOP OF THE 5TH
Roswell Invaders batting - Pitching for Kelowna Heat : RHP Wally Dethridge
Batting: LHB Falco van Koeveringe 0-0: Called Strike
0-1: Ball
1-1: Called Strike
1-2: Ball
2-2: Ground out U3 (Groundball, 3, EV 86.2 MPH)
Batting: RHB Jim Sanders 0-0: Ground out U3 (Groundball, 3L, EV 98.1 MPH)
Batting: RHB Adam Silbert 0-0: Called Strike
0-1: Ground out 6-3 (Groundball, 6, EV 81.9 MPH)
Top of the 5th over - 0 runs, 0 hits, 0 errors, 0 left on base; Roswell 1 - Kelowna 2
BOTTOM OF THE 5TH
Kelowna Heat batting - Pitching for Roswell Invaders : RHP Edwin Martinez
Batting: RHB Ryan Bentz 0-0: Ball
1-0: Bunt for hit to 25 - play at first, batter OUT! 5-3
Batting: RHB Frank Pena 0-0: Ball
1-0: Ball
2-0: Ball
3-0: Called Strike
3-1: Base on Balls
Batting: RHB Brian Rogers 0-0: Ball
1-0: SINGLE (Groundball, 6D, EV 99.4 MPH)
Frank Pena to second
Batting: RHB Coen Dirks 0-0: Foul Ball, location: 2F
0-1: Foul Ball, location: 2F
0-2: Ball
1-2: SINGLE (Groundball, 4, EV 98.1 MPH)
Frank Pena to third
Brian Rogers to second
Runner from 3rd tries for Home, SAFE, throw by CF to home
Batting: RHB Troy Trice 0-0: Ball
1-0: Swinging Strike
1-1: Ball
2-1: Called Strike
2-2: Ball
3-2: Foul Ball, location: 2F
3-2: Base on Balls
Brian Rogers to third
Coen Dirks to second
Batting: RHB Billy Pranger 0-0: Called Strike
0-1: Ball
1-1: Ball
2-1: Called Strike
2-2: Grounds into double play, 6-4-3 (Groundball, 6S, EV 82.5 MPH)
Bottom of the 5th over - 1 run, 2 hits, 0 errors, 2 left on base; Roswell 1 - Kelowna 3
TOP OF THE 6TH
Roswell Invaders batting - Pitching for Kelowna Heat : RHP Wally Dethridge
Batting: RHB Hector Tabares 0-0: Ball
1-0: Ball
2-0: Called Strike
2-1: Ball
3-1: Base on Balls
Batting: RHB Moises Baez 0-0: Called Strike
0-1: Ball
1-1: Reached on error, E2 (Groundball, 2L, EV 43.8 MPH)
Hector Tabares to third
Batting: RHB Orlando Florez 0-0: Called Strike
0-1: Swinging Strike
0-2: Ball
1-2: Ball
2-2: Ball
3-2: Strikes out swinging
Batting: RHB D.J. Cooke 0-0: DOUBLE (Line Drive, 9LM, EV 106.2 MPH)
Hector Tabares scores
Moises Baez scores
Batting: LHB Dallas Kelly 0-0: Intentional Walk
Pitching: RHP Jonathan Simi
Batting: LHB Josh Thomas 0-0: Fly out, F4 (Popup, 4D, EV 63.8 MPH)
Batting: LHB Falco van Koeveringe 0-0: Foul Ball, location: 2F
0-1: Called Strike
0-2: Foul Ball, location: 2F
0-2: Foul Ball, location: 2F
0-2: Fly out, F5 (Flyball, 5D, EV 86.2 MPH)
Top of the 6th over - 2 runs, 1 hit, 1 error, 2 left on base; Roswell 3 - Kelowna 3
BOTTOM OF THE 6TH
Kelowna Heat batting - Pitching for Roswell Invaders : RHP Edwin Martinez
Batting: LHB Mason Duffy 0-0: Called Strike
0-1: Ball
1-1: Foul Ball, location: 2F
1-2: SINGLE (Groundball, 34S, EV 65.0 MPH) (infield hit)
Batting: RHB Malik Sharpless 0-0: Ball
1-0: Grounds into double play, 1-6-3 (Groundball, 34S, EV 67.5 MPH)
Batting: RHB Josh Truell 0-0: Ball
1-0: Called Strike
1-1: Ground out 5-3 (Groundball, 56, EV 78.8 MPH)
Bottom of the 6th over - 0 runs, 1 hit, 0 errors, 0 left on base; Roswell 3 - Kelowna 3
TOP OF THE 7TH
Roswell Invaders batting - Pitching for Kelowna Heat : RHP Jonathan Simi
Batting: RHB Jim Sanders 0-0: Ground out 1-3 (Groundball, P, EV 69.4 MPH)
Batting: RHB Adam Silbert 0-0: Swinging Strike
0-1: Ball
1-1: Fly out, F9 (Flyball, 9D, EV 81.2 MPH)
Batting: RHB Hector Tabares 0-0: Reached via error on a dropped throw from 1B, E1 (Groundball, 34, EV 76.2 MPH)
Batting: RHB Moises Baez 0-0: Called Strike
0-1: Ball
1-1: Called Strike
1-2: Foul Ball, location: 2F
1-2: Strikes out looking
Top of the 7th over - 0 runs, 0 hits, 1 error, 1 left on base; Roswell 3 - Kelowna 3
BOTTOM OF THE 7TH
Kelowna Heat batting - Pitching for Roswell Invaders : RHP Edwin Martinez
Batting: RHB Ryan Bentz 0-0: Ball
1-0: Ball
2-0: Swinging Strike
2-1: SINGLE (Groundball, 6D, EV 96.9 MPH)
Batting: RHB Frank Pena 0-0: Ball
1-0: Foul Ball, location: 2F
1-1: Ball
2-1: Fly out, F8 (Flyball, 89D, EV 93.8 MPH)
Runner from 1st tags up, SAFE at 2nd
Pitching: RHP Tom Moore
Batting: RHB Brian Rogers 0-0: Ball
1-0: Ball
2-0: Ball
3-0: Called Strike
3-1: Base on Balls
Batting: RHB Coen Dirks 0-0: Ball
1-0: SINGLE (Line Drive, 8LS, EV 102.5 MPH)
Ryan Bentz to third
Brian Rogers to second
Runner from 3rd tries for Home, SAFE, throw by CF to home
Batting: RHB Troy Trice 0-0: Ball
1-0: Foul Ball, location: 2F
1-1: Called Strike
1-2: Foul Ball, location: 2F
1-2: Strikes out swinging
Batting: RHB Billy Pranger 0-0: Called Strike
0-1: Ball
1-1: Called Strike
1-2: Strikes out swinging
Bottom of the 7th over - 1 run, 2 hits, 0 errors, 2 left on base; Roswell 3 - Kelowna 4
TOP OF THE 8TH
Roswell Invaders batting - Pitching for Kelowna Heat : RHP Jonathan Simi
Pitching: RHP Harry Dickson
Batting: RHB Orlando Florez 0-0: Ball
1-0: Called Strike
1-1: Called Strike
1-2: Foul Ball, location: 2F
1-2: Fly out, F8 (Flyball, 8LD, EV 98.8 MPH)
Batting: RHB D.J. Cooke 0-0: Ball
1-0: Ball
2-0: Called Strike
2-1: Swinging Strike
2-2: Foul Ball, location: 2F
2-2: Foul Ball, location: 2F
2-2: Strikes out looking
Batting: LHB Dallas Kelly 0-0: Ball
1-0: Ball
2-0: Called Strike
2-1: Ball
3-1: Called Strike
3-2: Fly out, F9 (Flyball, 89M, EV 76.9 MPH)
Top of the 8th over - 0 runs, 0 hits, 0 errors, 0 left on base; Roswell 3 - Kelowna 4
BOTTOM OF THE 8TH
Kelowna Heat batting - Pitching for Roswell Invaders : RHP Tom Moore
Batting: LHB Mason Duffy 0-0: Fly out, F8 (Line Drive, 8LD, EV 96.9 MPH)
Batting: RHB Malik Sharpless 0-0: Called Strike
0-1: Ball
1-1: Swinging Strike
1-2: Foul Ball, location: 2F
1-2: Strikes out swinging
Batting: RHB Josh Truell 0-0: Foul Ball, location: 2F
0-1: Ball
1-1: Swinging Strike
1-2: Strikes out looking
Bottom of the 8th over - 0 runs, 0 hits, 0 errors, 0 left on base; Roswell 3 - Kelowna 4
TOP OF THE 9TH
Roswell Invaders batting - Pitching for Kelowna Heat : RHP Harry Dickson
Pitching: RHP Sam Drews
Batting: LHB Josh Thomas 0-0: Foul Ball, location: 2F
0-1: Swinging Strike
0-2: Ball
1-2: Foul Ball, location: 2F
1-2: Strikes out swinging
Batting: LHB Falco van Koeveringe 0-0: Called Strike
0-1: Foul Ball, location: 2F
0-2: Foul Ball, location: 2F
0-2: Foul Ball, location: 2F
0-2: Fly out, F8 (Flyball, 8RXD, EV 90.6 MPH)
Batting: RHB Jim Sanders 0-0: SINGLE (Groundball, P, EV 88.1 MPH) (infield hit)
Batting: RHB Adam Silbert 0-0: Called Strike
0-1: Fly out, F8 (Line Drive, 8LD, EV 108.8 MPH)
Top of the 9th over - 0 runs, 1 hit, 0 errors, 1 left on base; Roswell 3 - Kelowna 4
Wednesday, June 22nd , 2022 - OOTP Baseball 23.4 Build 64